Cogmind - Beta 14 @@@ ROGUE MODE // 2024.12.05 @ 18:01:44 Player: xack Result: Destroyed by as-07805 with Assembled Rifle Performance ------------- Evolutions (1) 500 Regions Visited (4) 800 Robots Destroyed (49) 245 Value Destroyed (1293) 1293 Prototype IDs (4) 80 Alien Tech Used (0) 0 Bonus (-260) -260 TOTAL SCORE: 2658 Bonus ------- Friendly Fire -260 Cogmind --------- Core Integrity 0/400 Matter 280/300 Energy 73/100 System Corruption 6% Temperature Cool (16) Movement Core (400) Ox7 Location -9/Mines Parts ------- > --- POWER (1) -------- (None) > --- PROPULSION (3) --- (None) > --- UTILITY (3) ------ Large Storage Unit > --- WEAPON (2) ------- Improved EM Shotgun > --- INVENTORY (15) --- Light Nuclear Core Light Treads Light Treads Improved Heat Sink Improved Signal Interpreter Improved Targeting Computer Improved Weapon Shielding Light Armor Plating Heavy EM Pulse Gun Heavy EM Pulse Gun Heavy EM Pulse Gun Particle Gun Advanced Beam Cannon Bore Cannon Rocket Launcher Peak State ------------ > --- POWER ------------ Improved Ion Engine > --- PROPULSION ------- Light Treads Light Treads Light Treads > --- UTILITY ---------- Large Storage Unit Improved Signal Interpreter Light Armor Plating > --- WEAPON ----------- Heavy EM Pulse Gun Improved EM Shotgun > --- INVENTORY -------- Light Nuclear Core Light Treads Light Treads Improved Heat Sink Sensor Array Improved Signal Interpreter Improved Targeting Computer Improved Weapon Shielding Heavy EM Pulse Gun Heavy EM Pulse Gun Medium Laser Particle Gun Advanced Beam Cannon Rocket Launcher Mini Grenade Launcher [Rating: 18] Favorites ----------- Power Light Ion Engine Engine Light Ion Engine Propulsion Light Treads Treads Light Treads Leg Aluminum Leg Wheel Compact Wheel Utility Large Storage Unit Device Sensor Array Storage Large Storage Unit Processor Signal Interpreter Protection Weapon Shielding Weapon Light Assault Rifle Energy Gun Improved EM Shotgun Ballistic Gun Light Assault Rifle Launcher Mini Grenade Launcher Slashing Weapon Katana Build | -11 -10 -10 -9 -9 ------- Run | Yrd Mat Min Mat Min Slots Evolved 2 | . . . 2 . Power . | . . . . . Propulsion 1 | . . . 1 . Utility 1 | . . . 1 . Weapon . | . . . . . Parts Attached 50 | 11 4 3 28 4 Power 8 | 1 1 . 5 1 Engine 8 | 1 1 . 5 1 Core . | . . . . . Reactor . | . . . . . Propulsion 15 | 6 . . 9 . Treads 5 | 2 . . 3 . Leg 8 | 2 . . 6 . Wheel 2 | 2 . . . . Hover . | . . . . . Flight . | . . . . . Utility 13 | 1 3 2 7 . Device 3 | . . . 3 . Storage 4 | 1 2 1 . . Processor 2 | . . 1 1 . Hackware . | . . . . . Protection 4 | . 1 . 3 . Artifact . | . . . . . Weapon 14 | 3 . 1 7 3 Energy Gun 8 | 2 . . 5 1 Energy Cannon . | . . . . . Ballistic Gun 3 | 1 . . 2 . Ballistic Cannon . | . . . . . Launcher 2 | . . . . 2 Special Weapon . | . . . . . Impact Weapon . | . . . . . Slashing Weapon 1 | . . 1 . . Piercing Weapon . | . . . . . Special Melee Weapon . | . . . . . Unidentified Prototypes . | . . . . . Parts Lost 15 | . 1 1 6 7 Power 4 | . 1 . 2 1 Propulsion 5 | . . 1 1 3 Utility 4 | . . . 2 2 Weapon 2 | . . . 1 1 Highest Loss Streak 7 | . 1 1 2 7 To Critical Strikes . | . . . . . Average Slot Usage (%) 95 | . 99 92 94 98 Engine 11 | . 14 14 10 10 Treads 12 | . . . 18 32 Leg 5 | . . . 11 . Wheel 10 | . 28 20 1 . Device 2 | . . . 3 11 Storage 12 | . 14 14 11 11 Processor 8 | . . 6 11 11 Protection 6 | . 13 7 6 . Energy Gun 13 | . 14 12 11 21 Ballistic Gun 10 | . 14 14 10 . Peak Build Rating 18 | 6 7 10 18 18 Average Rating 11 | 3 6 7 13 17 On Entrance 8 | . 6 7 10 18 Naked Turns . | . . . . . Heaviest Build 36 | 13 14 27 36 34 Greatest Support 60 | 40 32 32 60 60 Greatest Overweight (x) 2 | . . 1 2 . Average Overweight (x) . | . . . . . Largest Inventory Capacity 15 | 8 8 15 15 15 Average Capacity 13 | 6 8 14 15 15 Most Carried 15 | 7 8 15 15 15 Average Carried 12 | 4 7 12 14 14 Final Capacity 15 | 8 8 15 15 15 Final Carried 15 | 6 8 15 15 15 Class Distribution -------------------- 58% | Mutant 41% | Scavenger-Mutant Dominant Class ---------------- Mutant | -10/Materials Mutant | -10/Mines Scavenger-Mutant | -9/Materials Mutant | -9/Mines Resources | -11 -10 -10 -9 -9 ----------- Run | Yrd Mat Min Mat Min Matter Collected 848 | 170 164 60 374 80 Remotely . | . . . . . Salvage Created 1734 | . 179 132 1143 280 Parts 115 | . 15 4 84 12 Haulers Intercepted 1 | . . . 1 . Recyclers Shooed . | . . . . . Parts Field Recycled . | . . . . . Retrieved Matter . | . . . . . Parts Self-Destructed . | . . . . . Prevented . | . . . . . Kills | -11 -10 -10 -9 -9 ------- Run | Yrd Mat Min Mat Min Combat Hostiles Destroyed 43 | . 3 3 26 11 Guns 37 | . 3 2 25 7 AOE 6 | . . 1 1 4 Classes Destroyed 12 | . 2 . 6 4 Builder 1 | . . . 1 . Tunneler 1 | . . . . 1 Hauler 1 | . . . 1 . Mechanic 1 | . . . 1 . Watcher 6 | . 3 . 3 . Swarmer 11 | . . . 9 2 Grunt 20 | . 3 3 11 3 Duelist 1 | . . . 1 . Sentry 5 | . . . 5 . Demolisher 1 | . . . . 1 Assembled 6 | . . . . 6 Guerrilla 1 | . . . . 1 Best Kill Streak 8 | . 2 2 5 8 Combat Bots Only 8 | . 2 2 5 8 Max Kills in Single Turn 3 | . 1 1 2 3 Gunslinging 1 | . . . 1 . Exploded 2 | . . 1 1 2 Melee . | . . . . . Uniques/NPCs Destroyed . | . . . . . Combat | -11 -10 -10 -9 -9 -------- Run | Yrd Mat Min Mat Min Hostile Shots Fired 212 | . 13 11 139 49 Missed 57 | . 7 4 34 12 Damage Taken 2336 | . 182 126 1244 784 Core 481 | . 22 54 281 124 Absorbed by Shields . | . . . . . Redirected to Shielding 53 | . 12 8 33 . Core Remaining (%) 84 | 100 . 69 . . Volleys Fired 144 | . 14 10 99 21 Largest 2 | . 2 2 2 2 Hottest 90 | . 60 60 70 90 Shots Fired 245 | . 28 17 160 40 Gun 239 | . 28 17 160 34 Cannon . | . . . . . Launcher 6 | . . . . 6 Special . | . . . . . Kinetic 123 | . 14 10 99 . Thermal 20 | . . . 20 . Explosive 6 | . . . . 6 Electromagnetic 96 | . 14 7 41 34 Robot Hit Streak 25 | . 4 5 25 8 Robot Miss Streak 4 | . 4 3 4 3 Penetration Max . | . . . . . Secondary Targets 5 | . 1 . 4 . Max Gunslinging Chain 1 | . 1 . 1 . Shots Hit Robots 160 | . 13 12 111 24 Core Hits 96 | . 9 6 59 22 Critical Kills 1 | . . . 1 . Critical Parts Destroyed 1 | . . . 1 . Critical Strikes 2 | . . . 2 . Destroy 2 | . . . 2 . Melee Attacks . | . . . . . Impact . | . . . . . Slashing . | . . . . . Piercing . | . . . . . Sneak Attacks . | . . . . . Combat Hostiles . | . . . . . Follow-up Attacks . | . . . . . Damage Inflicted 2937 | . 289 282 1499 867 Guns 2047 | . 167 132 1403 345 Cannons . | . . . . . Explosions 890 | . 122 150 96 522 Melee . | . . . . . Ramming . | . . . . . Kinetic 669 | . 41 54 574 . Thermal 724 | . 122 150 280 172 Explosive 350 | . . . . 350 Electromagnetic 1194 | . 126 78 645 345 Impact . | . . . . . Slashing . | . . . . . Piercing . | . . . . . Highest Corruption . | . . . . . Average Corruption . | . . . . . Corruption Purged . | . . . . . Corruption Blocked . | . . . . . Overload Shots . | . . . . . Overflow Damage 153 | . 107 . . 46 Projectiles . | . . . . . Explosions 153 | . 107 . . 46 Melee . | . . . . . Knockbacks . | . . . . . Impact . | . . . . . Kinetic . | . . . . . Secondary . | . . . . . Self-Inflicted Damage 283 | . 117 31 63 72 Shots 7 | . 2 1 2 2 Rammed . | . . . . . Targets Rammed . | . . . . . Kicked . | . . . . . Crushed . | . . . . . Highest Temperature 93 | . 70 62 81 93 Average Temperature 28 | . 32 26 24 36 Received Heat Transfer 522 | . 36 51 333 102 Siege Activations . | . . . . . Robots Corrupted . | . . . . . Combat Hostiles . | . . . . . Parts Fried 4 | . . . 4 . Impact Corruptions . | . . . . . Robots Melted . | . . . . . Combat Hostiles . | . . . . . Parts Melted . | . . . . . Heat Transferred 1036 | . 100 200 486 250 Parts Sabotaged . | . . . . . Parts Stolen . | . . . . . Parts Stripped . | . . . . . Power Chain Reactions 8 | . 1 2 3 2 Alert | -11 -10 -10 -9 -9 ------- Run | Yrd Mat Min Mat Min Peak Influence 393 | . 193 55 393 244 Initial 58 | . . 11 7 58 Average 96 | . 60 24 153 107 Maximum Alert Level 1 | . . . 1 1 Low Security (%) 85 | 100 100 100 72 81 Level 1 14 | . . . 27 18 Level 2 . | . . . . . Level 3 . | . . . . . Level 4 . | . . . . . Level 5 . | . . . . . High Security . | . . . . . Max Security . | . . . . . Squads Dispatched 3 | . 1 1 1 . Investigation 1 | . . 1 . . Extermination . | . . . . . Reinforcement 2 | . 1 . 1 . Assault . | . . . . . Garrison . | . . . . . Intercept . | . . . . . Searches Triggered . | . . . . . Construction Impeded . | . . . . . Haulers Reinforced . | . . . . . Active Scanning Responses . | . . . . . Cargo Convoy Interrupts . | . . . . . Stealth | -11 -10 -10 -9 -9 --------- Run | Yrd Mat Min Mat Min Distress Signals 6 | . . . 6 . Communications Jammed . | . . . . . Distress Signals . | . . . . . Times Spotted 72 | . 8 3 42 19 Peak Tracking Total 5 | . 2 2 5 4 Tactical Retreats 4 | . 1 . 2 1 Traps | -11 -10 -10 -9 -9 ------- Run | Yrd Mat Min Mat Min Traps Triggered . | . . . . . Indirectly . | . . . . . Trap Hack Attempts . | . . . . . Triggered . | . . . . . Disarmed . | . . . . . Reprogrammed . | . . . . . Reused 1 | . . . 1 . Traps Extracted . | . . . . . Installed 1 | . . . 1 . Triggered 1 | . . . 1 . Most Traps Carried 4 | . . 4 2 . Machines | -11 -10 -10 -9 -9 ---------- Run | Yrd Mat Min Mat Min Machines Disabled 5 | . 2 . 1 2 Max in Single Turn 2 | . 1 . 1 2 Machines Repaired . | . . . . . Machines Dismantled . | . . . . . Machines Sabotaged . | . . . . . Overloaded Fab Kills . | . . . . . Hacking | -11 -10 -10 -9 -9 --------- Run | Yrd Mat Min Mat Min Machines Accessed 12 | . 4 1 7 . Terminals 8 | . 3 . 5 . Fabricators . | . . . . . Repair Stations 1 | . . . 1 . Recycling Units 1 | . 1 . . . Scanalyzers 1 | . . . 1 . Garrison Access . | . . . . . Total Hacks 39 | . 15 1 23 . Successful 17 | . 5 1 11 . Failed 22 | . 10 . 12 . Catastrophic 3 | . 1 . 2 . Database Lockouts . | . . . . . Manual 6 | . . . 6 . Terminals 31 | . 11 . 20 . Fabricators . | . . . . . Repair Stations 1 | . . . 1 . Recycling Units 4 | . 4 . . . Scanalyzers 2 | . . . 2 . Garrison Access . | . . . . . Terminal Hacks 13 | . 4 1 8 . Record 3 | . . . 3 . Prototype ID Bank 2 | . 1 . 1 . Open Door 1 | . . 1 . . Branch Access Points 2 | . 1 . 1 . Emergency Access Points 1 | . 1 . . . Alert Level 2 | . . . 2 . Unreport Threat 1 | . . . 1 . Locate Traps 1 | . 1 . . . Fabricator Hacks . | . . . . . Repair Station Hacks 1 | . . . 1 . Scan Component 1 | . . . 1 . Recycling Unit Hacks 1 | . 1 . . . Retrieve Components 1 | . 1 . . . Scanalyzer 2 | . . . 2 . Insert Component 1 | . . . 1 . Analyze 1 | . . . 1 . Garrison Access Hacks . | . . . . . Unauthorized Hacks . | . . . . . Terminals . | . . . . . Fabricators . | . . . . . Repair Stations . | . . . . . Recycling Units . | . . . . . Scanalyzers . | . . . . . Garrison Access . | . . . . . Data Cores Recovered . | . . . . . Used . | . . . . . Hacking Detections 10 | . 4 . 6 . Full Trace Events . | . . . . . Feedback Events . | . . . . . Feedback Blocked . | . . . . . Robot Schematics Acquired . | . . . . . Robots Built . | . . . . . Authchips . | . . . . . Time . | . . . . . Total Robot Build Rating . | . . . . . Part Schematics Acquired 1 | . . . 1 . Parts Built . | . . . . . Authchips . | . . . . . Time . | . . . . . Total Part Build Rating . | . . . . . Parts Repaired . | . . . . . Time . | . . . . . Parts Recycled . | . . . . . Recycled Matter . | . . . . . Retrieved Matter . | . . . . . Retrieved Components . | . . . . . Parts Scanalyzed 1 | . . . 1 . Part Schematics Acquired 1 | . . . 1 . Parts Damaged . | . . . . . Bothacking | -11 -10 -10 -9 -9 ------------ Run | Yrd Mat Min Mat Min Used RIF Installer . | . . . . . Robots Hacked . | . . . . . Non-combat . | . . . . . Combat . | . . . . . Robot Hacks Applied . | . . . . . Relay Couplers Released . | . . . . . Fabnet Peak Effective % . | . . . . . Robots Rewired . | . . . . . Allies Hacked . | . . . . . Hacks Repelled . | . . . . . Allies | -11 -10 -10 -9 -9 -------- Run | Yrd Mat Min Mat Min Total Allies 3 | . . . . 3 Largest Group 3 | . . . . 3 Highest-Rated Group 40 | . . . . 40 Highest-Rated Ally 16 | . . . . 16 Total Orders . | . . . . . Ally Attacks 9 | . . . . 9 Total Damage 61 | . . . . 61 Kills . | . . . . . Allies Corrupted . | . . . . . Allies Melted . | . . . . . Intel | -11 -10 -10 -9 -9 ------- Run | Yrd Mat Min Mat Min Robot Analysis Total . | . . . . . Derelict Logs Recovered 1 | . . 1 . . Drone Launches . | . . . . . Drone Recoveries . | . . . . . Exploration | -11 -10 -10 -9 -9 ------------- Run | Yrd Mat Min Mat Min Turns Passed 3544 | 76 469 964 1597 438 Spaces Moved 1980 | 47 310 777 674 172 Core 11 | 11 . . . . Treads 491 | 7 . . 312 172 Legs 337 | 26 . . 311 . Wheels 1141 | 3 310 777 51 . Hover . | . . . . . Flight . | . . . . . Fastest Speed 50 | 50 100 100 115 160 Average Speed 121 | 108 100 107 138 160 Slowest Speed 260 | 160 100 115 260 160 Overloaded Moves . | . . . . . Propulsion Burnouts . | . . . . . Robots Hopped . | . . . . . Cave-ins Triggered 1 | . . . . 1 Exploration Rate (%) 50 | 5 56 98 55 36 Regions Visited 4 Branch Regions 2 Pre-discovered Areas 1 | . . 1 . . Known Exits Taken 3 | . 1 1 1 . Unknown Exits Taken 1 | 1 . . . . Scrap Searched 1 | . . 1 . . Spaces Dug . | . . . . . Terrain Destroyed 120 | . 40 11 13 56 Melee . | . . . . . Projectile . | . . . . . AOE 120 | . 40 11 13 56 Terrain Rammed . | . . . . . Walls Destroyed . | . . . . . Machines Disabled . | . . . . . Actions | -11 -10 -10 -9 -9 --------- Run | Yrd Mat Min Mat Min Total 2901 | 69 446 895 1196 295 Wait 637 | . 105 88 349 95 Move 1976 | 46 309 776 673 172 Hop . | . . . . . Pick Up 54 | 12 8 11 22 1 Fast Attach 6 | . . 1 4 1 Attach 19 | 6 2 1 10 . Detach 1 | . . 1 . . Swap 25 | 5 2 1 14 3 Drop 38 | . 6 6 24 2 Fire 144 | . 14 10 99 21 Melee . | . . . . . Ram . | . . . . . Kick . | . . . . . Crush . | . . . . . Escape Stasis . | . . . . . Rewire . | . . . . . Trap 1 | . . . 1 . Miscellaneous . | . . . . . Route ------- -11/Scrapyard -10/Materials (discovered 3 exits: *Mat x2 / *Min) -10/Mines (discovered 2 exits: *Mat x2) -9/Materials (discovered 3 exits: Mat / *Min / Sto) -9/Mines (discovered 2 exits: *Mat x2) History --------- Turn | Location | Event 8 | -11/Scrapyard | Discovered new exit (range 15) 77 | -11/Scrapyard | Entered Materials 292 | -10/Materials | Identified exit to Mines 316 | -10/Materials | Build established: Mutant 461 | -10/Materials | Discovered new exit (range 10) 508 | -10/Materials | Discovered new exit (range 9) 546 | -10/Materials | Entered Mines 695 | -10/Mines | Found a hidden stash of uninstalled traps 756 | -10/Mines | Received a Rocket Launcher from a helpful Derelict 773 | -10/Mines | Learned location of 1 exit from Materials 885 | -10/Mines | Discovered new exit (range 10) 1074 | -10/Mines | Discovered new exit (range 8) 1077 | -10/Mines | Learned location of Storage (-9) 1083 | -10/Mines | Identified exit to Materials 1411 | -10/Mines | Met a Derelict shopkeep closing up shop 1510 | -10/Mines | Entered Materials 1510 | -9/Materials | Evolved 2 slots: Propulsion x1, Utility x1 1511 | -9/Materials | Identified exit to Materials 1979 | -9/Materials | Build established: Scavenger-Mutant 2176 | -9/Materials | Core integrity fell below 50% 2430 | -9/Materials | Identified exit to Mines 2430 | -9/Materials | Identified exit to Storage 3107 | -9/Materials | Entered Mines 3117 | -9/Mines | Assisted by bots powering up and referring to "LRC-V3" 3141 | -9/Mines | Discovered exit to Materials (range 10) 3299 | -9/Mines | Discovered exit to Materials (range 15) 3329 | -9/Mines | Build established: Mutant 3454 | -9/Mines | Assembled infested the area 3459 | -9/Mines | Assisted by a Guerilla fighting off Assembled 3505 | -9/Mines | Core integrity fell below 20% 3536 | -9/Mines | Lost 4 allies 3545 | -9/Mines | Crushed by falling debris 3545 | -9/Mines | Destroyed by as-07805 with Assembled Rifle Last Messages --------------- Lgt. Treads destroyed. Ion Engine destroyed. R-06 Scavenger suffers critical hit (Destroy). R-06 Scavenger destroyed. Sensor Array destroyed. The unstable cave ceiling collapses. Destroyed Asb. F-torch. as-97227 destroyed. Lgt. Treads destroyed. The unstable cave ceiling collapses. U-05 Engineer builds a Wall. as-20845 destroyed. as-04544 destroyed. The unstable cave ceiling collapses. Crushed by falling debris. [Achievement: Unlikely Earthworm] Imp. Signal Interpreter destroyed. System corrupted by crushing effect (+1). Mni. Grenade Launcher destroyed. System corrupted by crushing effect (+5). Map ----- +----------------------------------------------------+ | ???????# #????# #??????????????????? | | ???????# ###### < #??????????????????? | | ???????# # #??????????????????? | | ??????## #### # #??????????????????? | | ?????## #????##### #######??????????????????? | | ????## #### ##### #????????????????????????? | | ????# # #????????????????????????? | | #???# ### ####### ###??????????????????????? | | ##??## #?# #?????# ##?????????????????????? | | ##??##### #?# #?????# #?????????????????????? | | ##?????# #?# #?????# ##????????????????????? | | < ####### #?# #?????# #????????????????????? | | #?# #?????## #????????????????????? | | ##########?# #?????## ## #????????????????????? | | ###??????????# #?????## #####????????????????????? | | ?????????????# #?????## ##???????????????????????? | | ?????????????# ####??## ######???????????????????? | | ?????????????# #??## #???????????????????? | | ?????????????#### #???# #### #####???????????????? | | ????????????????# ###?# #??# #???????????????? | | ????????????????# ##%## #??##### ##??????????????? | | ????????????????# %%u#### " "###????????????? | | ????????????????####### #### #;;####?????????? | | ?????????????????????# r * #?????????? | | ????????????????????### %# = #?????????? | | ????????????????????# [=@%*% % #?????????? | | ????????????????????## ]#= = #?????????? | | ?????????????????????# % #?????????? | | ?????????????????????#### # ##?????????? | | ??????????????? #??????????? | | ??????????????????????##### #??????????? | | ???????????????????????????# a # ##?####?????? | | ???????????????????????????# ### #####?? | | ??????????????????????????## ### ##? | | ??????????????????????????# #? | | ??????????????????? a #? | | ????????????????? #### #? | | ????????????????? ##??# ! ##/ ##? | | ?????????????????? #???## ##????##?? | | ?????????????????? = #????? ##????????? | | ?????????????????? ## #????? #?????????? | | ??????????????????? ??## ##????? #?????????? | | ??????????????????? ????## ###??????? #?????????? | | ?????????????????????????###?????????? #?????????? | | ???????????????????????????????????????#?????????? | | ?????????????????????????????????????????????????? | | ?????????????????????????????????????????????????? | | ?????????????????????????????????????????????????? | | ?????????????????????????????????????????????????? | | ?????????????????????????????????????????????????? | +----------------------------------------------------+ Best States ------------- Heat Dissipation 28 Energy Generation 12 Energy Capacity 265 Matter Stores 300 Matter Capacity 300 Sight Range 16 Robot Scan Range 14 Terrain Scan Density 10 Armor Coverage 150 Weapon Shielding 33 Evasion (%) 55 Recoil Reduction 3 Item Schematics ----------------- Imp. EM Shotgun | -9/Materials | Scanalyzed Robot Schematics ------------------ None Fabricated ------------ Nothing Alien Tech Used ----------------- None Achievements -------------- Backstab Loot Pinata Unlikely Earthworm Challenges ------------ None Game ------ Seed RingMinesnifferGun Manual? 0 Play Time 01:05:05 Cumulative 8.2 hours Start 2024.12.05 @ 16:53:43 End 2024.12.05 @ 18:01:44 Sessions 1 Manual Loads 0 Difficulty Rogue Special Mode None Game No. 4 Rogue 4 Adventurer 0 Explorer 0 Win Type - Total 0 Types 0/0/0/0/0/0/0/0/0 Lore% 10 Gallery% 7 Achievement% 8 Wizard Run 0 Options --------- Layout 1 ASCII 0 Keyboard 0 Movement Mouse Keybinds 0 Fullscreen 1 Font 32/Smallcaps Map View 50x35 Zoom Use 0% Tactical HUD 0 Map Filters NONE Filters NONE Steam 1 RUN: f9be8819-476d-492c-82dd-3746a640b353